 Dungeon Crawl Stone Soup version 0.29.1-13-g9f3cf754e1 (webtiles) character file.

Game seed: 16838635343380469537

198 cheesebisquit the Shooter (level 5, -1/46 HPs)
             Began as a Minotaur Hunter on Jan 23, 2023.
             Slain by Pargi (4 damage)
             ... in a sewer.
             The game lasted 00:07:56 (2143 turns).

cheesebisquit the Shooter (Minotaur Hunter)         Turns: 2143, Time: 00:07:57

Health: -1/46      AC:  3    Str: 16    XL:     5   Next: 47%
Magic:  4/4        EV: 13    Int:  6    God:
Gold:   100        SH:  0    Dex: 15    Spells: 4/4 levels left

rFire   + . .      SeeInvis .   a - +0 shortbow
rCold   . . .      Faith    .   (shield currently unavailable)
rNeg    . . .      Spirit   .   c - +0 leather armour
rPois   +          Reflect  .   (helmet restricted)
rElec   .          Harm     .   (no cloak)
rCorr   .          Rampage  .   (no gloves)
Will    .....                   (no boots)
Stlth   ++........              (no amulet)
HPRegen 0.15/turn               n - ring of protection from fire
MPRegen 0.09/turn               i - ring of poison resistance

@: no status effects
A: horns 2, retaliatory headbutt
a: no special abilities


You were in a sewer.
You visited 1 branch of the dungeon, and saw 3 of its levels.
You also visited: Sewer.

You collected 100 gold pieces.

Inventory:

Hand Weapons
 a - a +0 shortbow (weapon)
Armour
 c - a +0 leather armour (worn)
Jewellery
 e - a +6 ring of strength
 i - a ring of poison resistance (right hand)
 j - a ring of wizardry
 n - a ring of protection from fire (left hand)
Scrolls
 b - a scroll of immolation
 d - 2 scrolls of torment
 g - 2 scrolls of identify
 h - a scroll of teleportation {unknown}
 k - a scroll of fear
 m - a scroll of magic mapping {unknown}
Potions
 f - 2 potions of curing
 l - a potion of brilliance


   Skills:
 + Level 4.0 Fighting
 + Level 5.3 Ranged Weapons
 + Level 3.6 Dodging
 + Level 2.4 Stealth


You had 4 spell levels left.
You didn't know any spells.
Your spell library contained the following spells:

 Spells                   Type           Power      Damage    Failure   Level
 Necrotise                Necr           0%         1d4       52%         1
 Vampiric Draining        Necr           0%         2d6       88%         3
 Agony                    Necr           0%         N/A       100%        5
 Malign Gateway           Summ/Tloc      0%         N/A       100%        7
 Summon Horrible Things   Summ           0%         N/A       100%        8


Dungeon Overview and Level Annotations

Branches:
Dungeon (3/15)              Sewer (1/1)

Altars:
Makhleb
Sif Muna

Shops:
D:2 :

Annotations:
Sewer Pargi


Innate Abilities, Weirdness & Mutations

You have a pair of horns on your head.
You reflexively headbutt those who attack you in melee.


Message History

Pargi is almost dead.
Pargi snarls, "Go!
Away!"
Pargi bites you. Pargi closely misses you. Pargi misses you.
Okay, then.
Fire: a) +0 shortbow
Press: ? - help, Q - select action Shift-Dir - straight line, f/p - Pargi
Aim: Pargi (almost dead, 56% to hit)
You shoot an arrow. The arrow closely misses Pargi.
Pargi barely misses you. Pargi claws you. x2
* * * LOW HITPOINT WARNING * * *
Pargi misses you. You furiously retaliate!
You headbutt Pargi. Pargi claws you.
* * * LOW HITPOINT WARNING * * *
Pargi claws you.
* * * LOW HITPOINT WARNING * * *
Fire: a) +0 shortbow
Press: ? - help, Q - select action Shift-Dir - straight line, f/p - Pargi
Aim: Pargi (almost dead, 56% to hit)
You shoot an arrow.
The arrow hits Pargi but does no damage.
Pargi is almost dead.
Pargi bites you but does no damage. Pargi claws you but does no damage.
Pargi closely misses you.
Fire: a) +0 shortbow
Press: ? - help, Q - select action Shift-Dir - straight line, f/p - Pargi
Aim: Pargi (almost dead, 56% to hit)
You shoot an arrow.
The arrow hits Pargi but does no damage.
Pargi is almost dead.
Pargi bites you.
* * * LOW HITPOINT WARNING * * *
Pargi claws you.
* * * LOW HITPOINT WARNING * * *
Pargi claws you.
* * * LOW HITPOINT WARNING * * *
Fire: a) +0 shortbow
Press: ? - help, Q - select action Shift-Dir - straight line, f/p - Pargi
Aim: Pargi (severely wounded, 56% to hit)
You shoot an arrow. The arrow misses Pargi.
Pargi bites you.
You die...

~≈≈≈≈≈≈≈≈≈ ~≈≈≈≈≈≈≈##
.≈≈≈≈≈≈≈≈# ~≈≈≈≈≈≈≈#
.≈≈≈≈≈≈≈# #~≈≈≈≈≈≈≈
#~≈≈≈≈≈≈≈ #T≈≈≈≈≈≈#
##@≈≈≈≈≈≈# ###~≈≈≈≈≈≈##
##.#~≈≈≈≈≈≈≈≈
#.~~≈≈≈≈≈≈≈≈≈ ####
#.~≈≈≈≈≈≈≈≈≈# ..##∩∩##
###~≈≈≈≈≈≈≈≈##
≈~.~≈≈.####..≈≈≈≈≈≈≈≈≈#
≈≈~≈≈≈≈..#..≈≈≈≈≈≈≈≈≈≈#
≈≈≈≈≈≈≈≈≈~~≈≈≈≈≈≈≈≈####


You could see Pargi.

Vanquished Creatures
  A scorpion (D:3)
  A hound (D:3)
  3 gnolls (D:2)
  3 adders
  A worm (D:2)
  3 orcs (D:3)
  3 bats
  5 endoplasms
  4 giant cockroaches
  7 goblins
  3 hobgoblins
  2 quokkas (D:3)
  6 ball pythons
  4 frilled lizards
  A kobold (D:1)
  4 rats
51 creatures vanquished.

Notes
Turn   | Place    | Note
-------+----------+-------------------------------------------
     0 | D:1      | cheesebisquit the Minotaur Hunter began the quest for the
                  | Orb.
     0 | D:1      | Reached XP level 1. HP: 18/18 MP: 0/0
   124 | D:1      | Reached skill level 1 in Stealth
   305 | D:1      | Reached XP level 2. HP: 25/25 MP: 1/1
   903 | D:2      | Found Soplaus's Book Shoppe.
   962 | D:2      | Found a burning altar of Makhleb.
   970 | D:2      | Reached XP level 3. HP: 31/31 MP: 2/2
  1206 | D:2      | Found a faded altar of an unknown god.
  1323 | D:2      | Reached XP level 4. HP: 38/38 MP: 3/3
  1644 | D:3      | Reached skill level 5 in Ranged Weapons
  1745 | D:3      | Noticed a scorpion
  1750 | D:3      | Killed a scorpion
  1751 | D:3      | Reached XP level 5. HP: 46/46 MP: 4/4
  1969 | D:3      | Found a shimmering blue altar of Sif Muna.
  1996 | D:3      | Found a glowing drain.
  2011 | Sewer    | Entered a sewer
  2129 | Sewer    | Noticed Pargi
  2143 | Sewer    | Slain by Pargi

Illustrated notes

Levels and vault maps discovered:
D:1:      wheals_arrival_linesprint, layout_loops_ring, kennysheep_nondescript
D:2:      layout_rooms, basic_altar, serial_shops, shop,
          ebering_ecumenical_altar_abandoned
D:3:      layout_basic, led_sif_pool, portal_sewer_entry_f,
          minmay_divided_ellipse
Sewer:    sewer_co_pargi_island

Skill      XL: |  1  2  3  4  5 |
---------------+----------------+-----
Stealth        | 1 2 |  2.4
Fighting       | 3 4 |  4.0
Dodging        | 3 |  3.6
Ranged Weapons | 5 |  5.3

Action                   |  1- 3 |  4- 6 || total
-------------------------+-------+-------++-------
 Fire: Shortbow          |    73 |    60 ||   133
  Use: Potion            |     2 |       ||     2
       Scroll            |       |     3 ||     3
Armor: Leather armour    |     5 |     5 ||    10
Dodge: Dodged            |    26 |    30 ||    56
